 Dungeon Crawl Stone Soup version 0.29.0-7-g18a832c13a (webtiles) character file.

Game seed: 1967331568085173435

5258 purpskrrrp the Grappler (level 10, -4/91 HPs)
             Began as a Troll Fighter on Aug 30, 2022.
             Was an Initiate of Gozag.
             Slain by a sixfirhy (9 damage)
             ... on level 9 of the Dungeon on Aug 31, 2022.
             The game lasted 00:23:26 (8740 turns).

purpskrrrp the Grappler (Troll Fighter)             Turns: 8740, Time: 00:23:27

Health: -4/91      AC:  7    Str: 33    XL:     10   Next: 36%
Magic:  8/8        EV:  9    Int:  4    God:    Gozag
Gold:   527        SH: 20    Dex: 12    Spells: 9/9 levels left

rFire   . . .      SeeInvis .     - Unarmed
rCold   . . .      Faith    .   d - +5 tower shield {rPois}
rNeg    + + +      Spirit   .   h - +2 robe {rN+}
rPois   +          Reflect  .   (helmet restricted)
rElec   .          Harm     .   H - +0 cloak {rCorr}
rCorr   +          Rampage  .   (gloves unavailable)
Will    .....      Clarity  +   (boots unavailable)
Stlth   +.........              (no amulet)
HPRegen 1.05/turn               D - ring of positive energy
MPRegen 0.11/turn               y - ring "Juexeliu" {rPois rN+ Str+3 Dex+3}

@: lethally poisoned (-4 -> -6), marked
A: large, unfitting armour, claws 3, regeneration 1, shaggy fur 1, tough skin 1,
clarity, low MP 1, sense surroundings 1
a: Renounce Religion, Potion Petition, Call Merchant, Bribe Branch


You were on level 9 of the Dungeon.
You worshipped Gozag.
Gozag was pleased with you.
You visited 2 branches of the dungeon, and saw 10 of its levels.
You also visited: Sewer.

You collected 1084 gold pieces.
You paid 557 gold pieces to Gozag.

Inventory:

Missiles
 f - 3 throwing nets (quivered)
Armour
 a - a +0 robe
 b - a +0 kite shield
 d - a +5 tower shield of poison resistance (worn)
 h - a +2 robe of positive energy (worn)
 H - a +0 cloak of preservation (worn)
Jewellery
 t - a ring of ice
 y - the ring "Juexeliu" (right claw) {rPois rN+ Str+3 Dex+3}
   (You found it on level 6 of the Dungeon)

   [ring of positive energy]

   Str:       It affects your strength (+3).
   Dex:       It affects your dexterity (+3).
   rPois:     It protects you from poison.
   rN:        It protects you from negative energy.
 A - a +6 ring of intelligence
 D - a ring of positive energy (left claw)
Wands
 k - a wand of mindburst (9)
 l - a wand of polymorph (21)
 n - a wand of charming (11)
 q - a wand of flame (17)
 u - a wand of roots (25)
 B - a wand of quicksilver (7)
Scrolls
 e - a scroll of magic mapping
 g - a scroll of fear
 i - 4 scrolls of teleportation
 r - 2 scrolls of identify
 s - a scroll of silence {unknown}
 z - a scroll of immolation
 F - a scroll of enchant weapon
Potions
 c - 4 potions of might
 j - a potion of cancellation
 m - 3 potions of curing
 o - 3 potions of lignification
 p - a potion of heal wounds
 v - a potion of flight
 w - a potion of attraction
 C - a potion of ambrosia
 E - a potion of brilliance


   Skills:
 + Level 3.0 Fighting
 + Level 5.2 Dodging
 * Level 8.6 Shields
 * Level 11.3 Unarmed Combat


You had 9 spell levels left.
You didn't know any spells.
Your spell library contained the following spells:

 Spells                   Type           Power      Damage    Failure   Level
 Apportation              Tloc           0%         N/A       95%         1
 Necrotise                Necr           0%         1d4       95%         1
 Summon Small Mammal      Summ           0%         N/A       95%         1
 Vampiric Draining        Necr           0%         2d6       100%        3
 Agony                    Necr           0%         N/A       100%        5


Dungeon Overview and Level Annotations

Branches:
Dungeon (9/15)             Temple (1/1) D:5           Sewer (visited)
   Lair: D:8-11         Orc: D:9-12

Altars:
Ashenzari
Cheibriados
Dithmenos
Fedhas
Gozag
Hepliaklqana
Kikubaaqudgha
Makhleb
Nemelex Xobeh
Okawaru
Qazlal
Ru
Sif Muna
Trog
Uskayaw
Vehumet
Wu Jian
Xom
Yredelemnul
Zin
The Shining One

Shops:
D:8 =


Innate Abilities, Weirdness & Mutations

You are too large for most types of armour.
You have claws for hands.
Your natural rate of healing is unusually fast.
You are covered in fur. (AC +1)
You have tough skin. (AC +1)
You possess an exceptional clarity of mind.
Your magical capacity is low. (-10% MP)
You passively map a small area around you.


Message History

You barely miss the killer bee. The killer bee stings you!
You block the killer bee's attack.
You closely miss the sixfirhy. You block the killer bee's attack.
The killer bee stings you.
A neqoxec comes into view.
You barely miss the sixfirhy. You block the sixfirhy's attack. x2
The killer bee barely misses you. The sixfirhy hits you!
The sixfirhy shocks you!
A killer bee comes into view.
The killer bee barely misses you. The sixfirhy hits you!
The sixfirhy shocks you!
You barely miss the sixfirhy. The sixfirhy completely misses you.
You block the sixfirhy's attack. x2; The killer bee stings you.
A sun demon comes into view.
The sixfirhy hits you but does no damage.
You block the killer bee's attack.
The sun demon moves out of view.
You mangle the sixfirhy!!
The sixfirhy is severely wounded.
You block the killer bee's attack. x2
You miss the sixfirhy.
The sixfirhy is severely wounded.
You block the killer bee's attack. x2
You barely miss the sixfirhy.
The sixfirhy is severely wounded.
The sixfirhy misses you. You block the killer bee's attack.
The sixfirhy hits you but does no damage.
The killer bee stings you.
You are poisoned.
The killer bee poisons you! The sixfirhy hits you. The sixfirhy shocks you!
You block the killer bee's attack.
You barely miss the sixfirhy.
The sixfirhy is heavily wounded.
You feel sick.
You block the sixfirhy's attack. x2; The sixfirhy hits you!
The sixfirhy shocks you!
* * * LOW HITPOINT WARNING * * *
The sixfirhy hits you!
* * * LOW HITPOINT WARNING * * *
The sixfirhy shocks you!
You die...
Your body crumbles into a pile of gold.

*,,*,**,,,,,,,,*,,***,* *
**,**,***..*,..♣.,,* *,* *
**,,,,,* #,.#.#..,*,* *,* ******
,,***,,* #),.....,*,* *,* *,,,,,
,** *,,* #..#>#..**,* *,* *,,,,,
,****,,* *#.#3#.#**,# *,* **,,∩,,
,,,**,,* #.....#**y##*,***,,,,,,
,,,**,,* #....3##y5.#*,*,,,,,,,,
*,,**,,* #.....@yy#,,,,,,*****,,
*,,**,,* #.....##3y.#*,,** *,*
*,,**,,***##[...#**.##*,,******,*
*,,**,,,......#.# *,# *,,,,,,,,,,
*,,**,**#######<# *,* **,**,,,,,,
*,,,,,,,........# *,****,**,***,,
*,,,,,**######### *,,,,,,,>,* ***
,,,,*** ******,******** ,,,**
*,,,,,,,,,


You could see a sun demon, a sixfirhy, a neqoxec, 5 killer bees and a quasit.

Vanquished Creatures
  Pikel (D:7)
  Maurice (D:8)
  Maggie (D:7)
  Grinder (D:4)
  Sigmund (D:5)
  A steam dragon (D:7)
  Eustachio (D:6)
  Menkaure (D:7)
  Edmund (D:6)
  Duvessa (D:6)
  A water moccasin (D:5)
  5 ice beasts
  2 sky beasts (D:7)
  2 black bears
  A centaur (D:4)
  2 phantoms (D:7)
  4 lemures (D:7)
  2 kobold brigands
  7 bullfrogs
  2 gnoll sergeants
  3 scorpions
  A necrophage (D:8)
  Dowan (D:6)
  A howler monkey (D:8)
  4 hounds
  4 jellies
  2 orc priests
  Crazy Yiuf (D:7)
  A gnoll bouda (D:6)
  4 iguanas
  Terence (D:2)
  5 orc wizards
  9 adders
  24 gnolls
  3 river rats
  A white imp (D:5)
  An ufetubus (D:5)
  19 orcs
  13 ball pythons
  4 bats
  3 endoplasms
  2 giant cockroaches (D:2)
  4 hobgoblins
  3 jackals (D:2)
  3 quokkas
  11 frilled lizards
  7 goblins
  17 kobolds
  7 rats
197 creatures vanquished.

Notes
Turn   | Place    | Note
-------+----------+-------------------------------------------
     0 | D:1      | purpskrrrp the Troll Fighter began the quest for the Orb.
     0 | D:1      | Reached XP level 1. HP: 22/22 MP: 0/0
   343 | D:1      | Found a faded altar of an unknown god.
   379 | D:1      | Reached XP level 2. HP: 28/29 MP: 1/1
  1123 | D:1      | Identified a scroll of acquirement
  1123 | D:1      | Acquired a +1 tower shield of poison resistance
  1197 | D:2      | Reached XP level 3. HP: 36/36 MP: 2/2
  1444 | D:2      | Noticed Terence
  1448 | D:2      | Killed Terence
  1449 | D:2      | Reached skill level 3 in Unarmed Combat
  1449 | D:2      | Reached XP level 4. HP: 39/44 MP: 3/3
  1824 | D:2      | Gained mutation: You are partially covered in iridescent
                  | scales. (AC +2) [potion of mutation]
  2141 | D:3      | Found a shadowy altar of Dithmenos.
  2252 | D:3      | Found a burning altar of Makhleb.
  2835 | D:4      | Noticed a scorpion
  2868 | D:4      | Killed a scorpion
  2869 | D:4      | Reached XP level 5. HP: 50/50 MP: 4/4
  2924 | D:4      | Reached skill level 4 in Unarmed Combat
  3354 | D:4      | Noticed Grinder
  3374 | D:4      | Reached XP level 6. HP: 57/59 MP: 5/5
  3398 | D:4      | Killed Grinder
  3399 | D:4      | Reached skill level 5 in Unarmed Combat
  3616 | D:5      | Entered Level 5 of the Dungeon
  3640 | D:4      | Reached XP level 7. HP: 25/66 MP: 6/6
  3889 | D:5      | Reached skill level 5 in Shields
  3889 | D:5      | Reached skill level 6 in Unarmed Combat
  3955 | D:5      | Noticed Sigmund
  3968 | D:5      | Killed Sigmund
  3993 | D:5      | Reached skill level 7 in Unarmed Combat
  3993 | D:5      | Reached XP level 8. HP: 74/74 MP: 7/7
  4183 | D:5      | Found a staircase to the Ecumenical Temple.
  4741 | D:5      | Lost mutation: You are partially covered in iridescent
                  | scales. (AC +2) [potion of mutation]
  4741 | D:5      | Gained mutation: Your mind is acute. (Int +4, Str/Dex -1)
                  | [potion of mutation]
  4741 | D:5      | Gained mutation: Your mind is very acute. (Int +8, Str/Dex
                  | -2) [potion of mutation]
  4741 | D:5      | Gained mutation: You have a pair of small horns on your
                  | head. [potion of mutation]
  4742 | D:5      | Lost mutation: You have a pair of small horns on your head.
                  | [potion of mutation]
  4742 | D:5      | Lost mutation: Your mind is very acute. (Int +8, Str/Dex
                  | -2) [potion of mutation]
  4742 | D:5      | Gained mutation: You are somewhat resistant to further
                  | mutation. [potion of mutation]
  4742 | D:5      | Gained mutation: You heal very quickly. [potion of
                  | mutation]
  4743 | D:5      | Lost mutation: You heal very quickly. [potion of mutation]
  4743 | D:5      | Lost mutation: Your mind is acute. (Int +4, Str/Dex -1)
                  | [potion of mutation]
  4753 | D:5      | Lost mutation: You are somewhat resistant to further
                  | mutation. [potion of mutation]
  4753 | D:5      | Gained mutation: Your magical capacity is low. (-10% MP)
                  | [potion of mutation]
  4753 | D:5      | Gained mutation: You passively map a small area around you.
                  | [potion of mutation]
  4753 | D:5      | Gained mutation: You possess an exceptional clarity of
                  | mind. [potion of mutation]
  4809 | Temple   | Entered the Ecumenical Temple
  5079 | Temple   | Became a worshipper of Gozag Ym Sagoz the Greedy
  5219 | D:6      | Found a glowing drain.
  5232 | Sewer    | Entered a sewer
  5594 | D:6      | Reached skill level 8 in Unarmed Combat
  5604 | D:6      | Identified the ring "Juexeliu" {rPois rN+ Str+3 Dex+3}
  5665 | D:6      | Noticed Dowan
  5666 | D:6      | Noticed Duvessa
  5698 | D:6      | Killed Duvessa
  5722 | D:6      | Killed Dowan
  5789 | D:6      | Noticed Eustachio
  5802 | D:6      | Killed Eustachio
  5815 | D:6      | Noticed Edmund
  5823 | D:6      | Killed Edmund
  5824 | D:6      | Reached XP level 9. HP: 66/80 MP: 7/7
  5830 | D:6      | Reached skill level 9 in Unarmed Combat
  6456 | D:7      | Noticed Menkaure
  6467 | D:7      | Killed Menkaure
  6497 | D:7      | Noticed Maggie
  6506 | D:7      | Killed Maggie
  6507 | D:7      | Reached skill level 10 in Unarmed Combat
  6649 | D:7      | Noticed Pikel
  6654 | D:7      | Killed Pikel
  6655 | D:7      | Reached skill level 5 in Dodging
  6819 | D:7      | Reached XP level 10. HP: 91/91 MP: 8/8
  6922 | D:7      | Found a runed translucent door.
  6923 | D:7      | Noticed Crazy Yiuf
  7054 | D:7      | Found an iron altar of Okawaru.
  7054 | D:7      | Found a bloodstained altar of Trog.
  7257 | D:7      | Found a hazy altar of Hepliaklqana.
  7405 | D:7      | Killed Crazy Yiuf
  7653 | D:8      | Found a basalt altar of Yredelemnul.
  7702 | D:8      | Noticed Maurice
  7737 | D:8      | Killed Maurice
  7738 | D:8      | Reached skill level 11 in Unarmed Combat
  7841 | D:8      | Found a glowing silver altar of Zin.
  8731 | D:9      | Noticed a sixfirhy
  8736 | D:9      | Noticed a sun demon
  8740 | D:9      | Slain by a sixfirhy

Illustrated notes

Levels and vault maps discovered:
D:1:      psy_arrival_radial02, layout_basic, serial_forest,
          infiniplex_forest_straight_3, infiniplex_forest_clump_small,
          infiniplex_forest_lined_2, infiniplex_forest_lined_3,
          infiniplex_forest_end_1, infiniplex_forest_zigzag_1,
          infiniplex_forest_straight_2, infiniplex_forest_3_way,
          infiniplex_forest_clump_diagonal,
          shapermc_ecumenical_altar_starsandcircs
D:2:      minmay_skewed_foursquare, layout_loops_ring, uniq_terence
D:3:      layout_loops_corners, mainiacjoe_overflow_big_doors
D:4:      layout_basic, uniq_grinder
D:5:      layout_layer_cave, minmay_temple_entry_mist, amethyst_killhole,
          kennysheep_diamond, uniq_sigmund
D:6:      layout_basic, cheibrodos_sewer_entry_sluice, serial_curves,
          eino_curves_01, eino_curves_01, uniq_edmund, uniq_duvessa,
          uniq_eustachio
D:7:      layout_loops_ring, grunt_temple_overflow_bloody_war,
          worldfamousw_hep_ancestral_shrine, nicolae_eternal_life, uniq_pikel,
          uniq_crazy_yiuf_cottage, uniq_maggie, uniq_menkaure
D:8:      layout_basic, zin_statuary, mainiacjoe_overflow_24_doors, uniq_maurice
D:9:      layout_loops_ring, mainiacjoe_overflow_chevrons, serial_demonic,
          serial_demonic_g, serial_demonic_d, serial_demonic_c,
          serial_demonic_a, serial_demonic_d, serial_demonic_g
Temple:   minmay_temple_curvy_branch

Skill      XL: |  1  2  3  4  5  6  7  8  9 10 |
---------------+-------------------------------+-----
Shields        | 3 4 5 6 7 8 |  8.6
Unarmed Combat | 3 4 5 7 8 10 11 | 11.3
Dodging        | 3 4 5 |  5.2
Fighting       | 3 |  3.0

Action                   |  1- 3 |  4- 6 |  7- 9 | 10-12 || total
-------------------------+-------+-------+-------+-------++-------
Melee: Unarmed           |    87 |   121 |   301 |   107 ||   616
Throw: Throwing net      |       |       |     1 |       ||     1
Invok: Call Merchant     |       |       |       |     1 ||     1
  Use: Scroll            |     4 |    14 |     7 |     4 ||    29
       Potion            |       |     2 |     7 |     2 ||    11
 Stab: Held in net/web   |       |       |     1 |       ||     1
       Distracted        |       |       |     1 |     2 ||     3
       Sleeping          |       |       |     1 |       ||     1
Armor: Robe              |    37 |    28 |    41 |    12 ||   118
Dodge: Dodged            |    26 |    31 |    53 |    15 ||   125
Block: Kite shield       |     8 |       |       |       ||     8
       Tower shield      |    44 |    91 |   237 |   100 ||   472
